 Dungeon Crawl Stone Soup version 0.30-a0-847-g17996783a1 (webtiles) character file.

Game seed: 9751443303653575736

265 Pimp the Covered (level 5, -6/73 HPs)
             Began as an Armataur Fighter on Mar 3, 2023.
             Mangled by an orc priest
             ... wielding a +0 hand axe
              (7 damage)
             ... on level 3 of the Dungeon.
             The game lasted 00:02:32 (1775 turns).

Pimp the Covered (Armataur Fighter)                 Turns: 1775, Time: 00:02:33

Health: -6/73      AC: 12    Str: 23    XL:     5   Next: 99%
Magic:  5/5        EV:  5    Int:  8    God:
Gold:   71         SH:  4    Dex: 10    Spells: 4/4 levels left

rFire   . . .      SeeInvis .    a - +0 war axe
rCold   . . .      Faith    .    c - +0 buckler
rNeg    . . .      Spirit   .    b - +0 scale mail
rPois   .          Reflect  .    (no helmet)
rElec   .          Roll     +    (no cloak)
rCorr   .                        (no gloves)
Will    .....                    f - +0 barding Stlth
                                 (no amulet)
HPRegen 0.32/turn                (no ring)
MPRegen 0.09/turn                (no ring)

@: berserking, very quick
A: large, rugged brown scales 3, deformed body, armoured tail, roll, long
tongue, awkward tongue
a: no special abilities


You were on level 3 of the Dungeon.
You visited 1 branch of the dungeon, and saw 3 of its levels.

You collected 71 gold pieces.

Inventory:

Hand Weapons
 a - a +0 war axe (weapon)
Armour
 b - a +0 scale mail (worn)
 c - a +0 buckler (worn)
 f - a +0 barding (worn)
Jewellery
 q - a ring of see invisible
Wands
 p - a wand of quicksilver (7)
Scrolls
 i - a scroll of blinking
 j - 3 scrolls of identify {unknown}
 k - 4 scrolls of fear {unknown}
 l - 2 scrolls of teleportation {unknown}
 m - a scroll of noise {unknown}
 n - a scroll of silence {unknown}
 o - a scroll of butterflies {unknown}
Potions
 d - a potion of might
 e - a potion of brilliance {unknown}
 g - a potion of degeneration {unknown}
 h - a potion of invisibility {unknown}
 r - a potion of berserk rage


   Skills:
 + Level 3.8 Fighting
 + Level 2.8 Axes
 + Level 5.1 Armour
 + Level 4.7 Shields


You had 4 spell levels left.
You didn't know any spells.
Your spell library contained the following spells:

 Spells                   Type           Power      Damage    Failure   Level
 Apportation              Tloc           0%         N/A       77%         1
 Alistair's Intoxication  Tmut/Pois      0%         N/A       100%        5


Dungeon Overview and Level Annotations

Branches:
Dungeon (3/15)

Altars:
Makhleb


Innate Abilities, Weirdness & Mutations

You are completely covered in rugged brown scales. (AC +3, +7% HP)
Armour fits poorly on your strangely shaped body.
You have a long armoured tail.
You roll when moving toward enemies. (Rampage)
Your long tongue fully drains potion bottles. (2x potion effects)
Your tongue gives you trouble enunciating. (1.5x scroll delay)


Message History

You hit the orc. x2
You kill the orc!
The adder barely misses you. You block the orc's attack. The adder bites you.
You hit the adder.
The adder is almost dead.
You hit the orc priest. You hit the orc.
You kill the orc!
The orc priest mumbles some strange prayers to Beogh against you.
Beogh smites you! The adder bites you but does no damage.
The orc priest hits you with a +0 hand axe.
The orc hits you with a +0 whip.
You closely miss the orc priest.
The orc priest is moderately wounded.
You closely miss the adder. You hit the orc.
The adder bites you but does no damage. x2
The orc hits you but does no damage. The orc priest closely misses you.
You hit the orc priest.
The orc priest is severely wounded.
You barely miss the adder. You hit the orc. The adder barely misses you.
The orc hits you with a +0 whip.
The orc priest hits you but does no damage.
The adder bites you but does no damage.
You barely miss the orc priest.
Your tail-slap misses the orc priest.
The orc priest is severely wounded.
You barely miss the adder. You barely miss the orc.
The orc hits you but does no damage.
The orc priest invokes the aid of Beogh against you.
Beogh smites you!
* * * LOW HITPOINT WARNING * * *
The adder bites you but does no damage.
The orc priest hits you but does no damage.
You block the orc's attack.
You slurp down every last drop of the bubbling black potion!
It was a potion of berserk rage.
A red film seems to cover your vision as you go berserk!
You feel yourself moving faster!
You feel mighty! You block the adder's attack. x2
The orc hits you with a +0 whip.
* * * LOW HITPOINT WARNING * * *
The orc priest hits you with a +0 hand axe!
You die...

#.###.#......#
#.......##...#
#####.#..#.(.###
#)##.#.....#
#.##.##..#.###
#....#...#...#
#....#..####.#
#.(.†#..####.#
#..o@#.......#
#..So##.######
#....##.#
#....##.# ##
#...)##.# .###
#....##.# ...##
#....##.#
##.†####
#....##.#
##....# #.#


You could see an orc priest, an adder and an orc.

Vanquished Creatures
  Sigmund (D:3)
  Terence (D:2)
  2 adders
  A worm (D:3)
  3 dart slugs
  2 orcs (D:3)
  5 ball pythons
  4 bats
  3 endoplasms
  2 giant cockroaches
  9 goblins
  8 hobgoblins
  4 quokkas
  2 frilled lizards
  2 kobolds
  4 rats
53 creatures vanquished.

Notes
Turn   | Place    | Note
-------+----------+-------------------------------------------
     0 | D:1      | Pimp the Armataur Fighter began the quest for the Orb.
     0 | D:1      | Reached XP level 1. HP: 19/19 MP: 1/1
   243 | D:1      | Reached XP level 2. HP: 26/26 MP: 2/2
   759 | D:2      | Found a burning altar of Makhleb.
   824 | D:2      | Reached skill level 4 in Armour
   824 | D:2      | Reached XP level 3. HP: 27/33 MP: 3/3
  1295 | D:2      | Noticed Terence
  1301 | D:2      | Killed Terence
  1302 | D:2      | Reached XP level 4. HP: 30/40 MP: 4/4
  1409 | D:3      | Found a faded altar of an unknown god.
  1559 | D:3      | Noticed Sigmund
  1578 | D:3      | Killed Sigmund
  1579 | D:3      | Reached skill level 5 in Armour
  1579 | D:3      | Reached XP level 5. HP: 25/49 MP: 5/5
  1774 | D:3      | HP: 2/49 [orc priest/divine providence (14)]
  1775 | D:3      | Mangled by an orc priest

Illustrated notes

Levels and vault maps discovered:
D:1:      dpeg_arrival_court, layout_loops_ring
D:2:      layout_loops_cross, basic_altar, grunt_decor_junction,
          roderic_roman_lattice, uniq_terence
D:3:      layout_basic, nicolae_ecumenical_oubliette, uniq_sigmund

Skill      XL: |  1  2  3  4 |
---------------+-------------+-----
Fighting       | 3 |  3.8
Axes           | 2 |  2.8
Armour         | 4 5 |  5.1
Shields        | 4 |  4.7

Action                     |  1- 3 |  4- 6 || total
---------------------------+-------+-------++-------
  Melee: War axe           |    71 |    59 ||   130
         Tailslap          |     7 |     8 ||    15
    Use: Scroll            |       |     1 ||     1
         Potion            |       |     1 ||     1
 Armour: Scale mail        |    50 |    38 ||    88
  Dodge: Dodged            |    17 |    18 ||    35
  Block: Buckler           |    18 |    16 ||    34

Table legend: (Time is in decaauts)
 A = Elapsed time spent in this place.
 B = Non-inter-level travel time spent in this place.
 C = Inter-level travel time spent in this place.
 D = Time resting spent in this place.
 E = Time spent auto-exploring this place.
 F = Levels seen in this place.
 G = Mean time per level.
                   A        B        C        D        E       F      G
               +--------+--------+--------+--------+--------+-----+--------+
         Total |   1830 |   1732 |     98 |    111 |   1231 |   3 |  610.0 |
       Dungeon |   1830 |   1732 |     98 |    111 |   1231 |   3 |  610.0 |
               +--------+--------+--------+--------+--------+-----+--------+

Top non-repeatable levels by time:
     D:1: 755 daAuts
     D:2: 684 daAuts
     D:3: 389 daAuts
